 Dungeon Crawl Stone Soup version 0.24.0-123-gd5b16e6ec5 (webtiles) character file.

Game seed: 14268774617504428958, levelgen mode: deterministic

17126 Chiseanne the Covert (level 12, -6/53 HPs)
             Began as a Spriggan Hunter on Jan 17, 2020.
             Was an Initiate of Gozag.
             Shot with an arrow by Nessos (27 damage)
             ... on level 12 of the Dungeon on Jan 18, 2020.
             The game lasted 01:03:42 (14140 turns).

Chiseanne the Covert (Spriggan Hunter)             Turns: 14140, Time: 01:03:42

Health: -6/53      AC: 13    Str:  8    XL:     12   Next: 16%
Magic:  0/13       EV: 30    Int: 14    God:    Gozag
Gold:   390        SH:  0    Dex: 20    Spells: 11/11 levels left

rFire    + . .     SeeInvis +   s - +2 falchion (protect)
rCold    + + .     Gourm    .   (shield restricted)
rNeg     . . .     Faith    .   M - +2 robe {rC+}
rPois    +         Spirit   +   b - +2 hat
rElec    +         Reflect  .   (no cloak)
rCorr    +         Harm     .   (gloves unavailable)
MR       +++..                  (boots unavailable)
Stlth    +++++++...             l - amulet of guardian spirit
HPRegen  0.17/turn              H - ring of stealth
MPRegen  0.13/turn              x - ring of protection from magic

@: lethally poisoned (-6 -> -12), resistant, protection aura, hasted, very quick
A: very small, unfitting armour, see invisible, herbivore, speed 3, slow
metabolism 2
a: Potion Petition, Call Merchant, Bribe Branch, Renounce Religion


You were on level 12 of the Dungeon.
You worshipped Gozag.
Gozag was aware of your devotion.
You were not hungry.

You visited 3 branches of the dungeon, and saw 14 of its levels.

You collected 3320 gold pieces.
You spent 2206 gold pieces at shops.
You paid 724 gold pieces to Gozag.

Inventory:

Hand Weapons
 a - the +5 dagger "Spriggan's Regret" {venom, rF++ rN+ Str+2}
   (You bought it in a shop on level 9 of the Dungeon)

   It poisons the flesh of those it strikes.
   It affects your strength (+2).
   It greatly protects you from fire.
   It protects you from negative energy.
 d - a +1 dagger of speed
 s - a +2 falchion of protection (weapon)
 w - the +0 hunting sling of Untimely Demise {venom, +Inv +Fly}
   (You bought it in a shop on level 9 of the Dungeon)

   It poisons the ammo it fires.
   It lets you turn invisible.
   It lets you fly.
 L - a +1 scimitar of flaming
Missiles
 c - 14 boomerangs (quivered)
 h - 53 bolts
 m - 75 stones
 n - 30 poisoned darts
 r - 150 arrows
 t - 57 sling bullets
Armour
 b - a +2 hat (worn)
 p - a +1 robe of fire resistance
 z - +0 fire dragon scales
 M - a +2 robe of cold resistance (worn)
Jewellery
 l - an amulet of guardian spirit (around neck)
 q - an uncursed ring of flight
 x - a ring of protection from magic (right hand)
 H - a ring of stealth (left hand)
Wands
 y - a wand of flame (10)
Scrolls
 i - a scroll of enchant armour
 o - 3 scrolls of amnesia
 v - 5 scrolls of remove curse
 A - a scroll of summoning
 C - 5 scrolls of teleportation
 E - a scroll of fear
 K - a scroll of brand weapon
 N - 2 scrolls of magic mapping
 O - a scroll of immolation
Potions
 e - 2 potions of flight
 g - 2 potions of brilliance
 j - 2 potions of lignification
 B - 3 potions of curing
 D - 2 potions of mutation
 F - 3 potions of ambrosia
 I - a potion of cancellation
Comestibles
 f - 3 rations


   Skills:
 - Level 1.5 Fighting
 - Level 10.7 Short Blades
 * Level 12.7 Throwing
 + Level 12.4 Dodging
 + Level 13.3 Stealth


You had 11 spell levels left.
You didn't know any spells.
Your spell library contained the following spells:

 Spells                   Type           Power        Failure   Level  Hunger
 Corona                   Hex            #......      28%         1    ##.....
 Magic Dart               Conj           #...         28%         1    ##.....
 Searing Ray              Conj           #.....       41%         2    ###....
 Slow                     Hex            #.......     41%         2    ###....
 Dazzling Spray           Conj/Hex       #.....       65%         3    ####...
 Inner Flame              Hex/Fire       #.......     65%         3    ####...
 Portal Projectile        Hex/Tloc       #.....       65%         3    ####...
 Cause Fear               Hex            #.........   96%         4    #####..
 Force Lance              Conj/Tloc      #.......     96%         4    #####..
 Fulminant Prism          Conj/Hex       #.........   96%         4    #####..
 Iskenderun's Mystic Bla  Conj           #.......     96%         4    #####..
 Leda's Liquefaction      Hex/Erth       #.........   96%         4    #####..


Dungeon Overview and Level Annotations

Branches:
Dungeon (10/15)            Temple (1/1) D:6             Orc (2/2) D:9
    Elf (0/3) Orc:2
   Lair: D:8-11

Altars:
Ashenzari
Cheibriados
Dithmenos
Elyvilon
Fedhas
Gozag
Hepliaklqana
Kikubaaqudgha
Makhleb
Nemelex Xobeh
Qazlal
Ru
Sif Muna
Trog
Uskayaw
Vehumet
Wu Jian
Xom
Yredelemnul
Zin
The Shining One

Shops:
D:9 (   Orc:2 [%

Annotations:
D:7 1 runed translucent door, jaiteiro's ghost, novice TrWr
D:12 Nessos
Orc:2 exclusion: 2 upstairs


Innate Abilities, Weirdness & Mutations

You are very small and have problems with some larger weapons.
You are too small for most types of armour.
You have supernaturally acute eyesight. (SInv)
You are a herbivore.
You cover ground extremely quickly.
You need to consume almost no food.


Message History

Nessos is almost dead.
You feel sick. Nessos completely misses you.
Nessos stands on their hind legs for a moment.
Nessos blinks!
Throwing (i - inventory. (/) - cycle)
c - 14 boomerangs (quivered)
Press: ? - help, Shift-Dir - straight line, f/p - Nessos
Aim: Nessos, wearing a +2 centaur barding and carrying a wand of paralysis (1) (almost dead, fast, poisoned)
You throw a boomerang. The boomerang closely misses Nessos.
Nessos zaps a wand.
You resist with almost no effort.
The now-empty wand crumbles to dust.
Throwing (i - inventory. (/) - cycle)
c - 14 boomerangs (quivered)
Press: ? - help, Shift-Dir - straight line, f/p - Nessos
Aim: Nessos, wearing a +2 centaur barding (almost dead, fast, poisoned)
You throw a boomerang.
The boomerang hits Nessos but does no damage.
Nessos is almost dead.
You feel sick.
Nessos wields a +2 longbow of flaming.
It bursts into flame!
Nessos shoots an arrow.
The arrow hits you!!
Ouch! That really hurt!
You die...
Your body crumbles into a pile of gold.

#######+#####
#....%(((((.#
#)........).#
+........$[<#
#.......(...#
#...........#
$
#...........#
#......@..^.#
#...c.......#
#...........#
###'#########
#.# #.# #.##
#..#
##.######


You could see Nessos.

Vanquished Creatures
  An orc warlord (Orc:2)
  Erolcha (Orc:2)
  Erica (Orc:2)
  A two-headed ogre (D:10)
  3 orc high priests (Orc:2)
  An unseen horror (D:12)
  4 orc knights (Orc:2)
  5 orc sorcerers
  A cyclops (D:12)
  2 trolls
  Grinder (D:3)
  A hornet (D:9)
  A hippogriff (D:9)
  3 yaks (D:10)
  2 hungry ghosts
  A warg (D:9)
  A hornet zombie (D:12)
  25 orc warriors
  A necrophage (D:10)
  2 ice beasts
  2 phantoms
  6 ogres
  4 centaurs
  3 bullfrogs
  A wyvern zombie (D:7)
  A water moccasin zombie (D:8)
  A scorpion (D:8)
  2 howler monkeys
  4 crimson imps
  A centaur zombie (D:7)
  5 jellies
  A bullfrog zombie (D:8)
  15 orc priests
  A centaur skeleton (D:8)
  5 hounds
  18 orc wizards
  2 iguanas
  6 worker ants
  A hound zombie (D:7)
  A hound skeleton (D:5)
  A howler monkey zombie (D:9)
  A worker ant zombie (D:7)
  3 gnolls (D:8)
  8 adders
  6 oozes
  2 adder skeletons (D:8)
  4 worms
  5 dart slugs
  5 leopard geckos
  90 orcs
  5 giant cockroaches
  4 goblins
  4 hobgoblins
  5 jackals
  4 quokkas
  A ball python (D:1)
  5 bats
  6 frilled lizards
  8 kobolds
  6 rats
311 creatures vanquished.

Vanquished Creatures (others)
  A leopard gecko (D:4)
  An orc (Orc:2)
  A quokka (D:8)
3 creatures vanquished.

Grand Total: 314 creatures vanquished

Notes
Turn   | Place    | Note
-------+----------+-------------------------------------------
     0 | D:1      | Chiseanne the Spriggan Hunter began the quest for the Orb.
     0 | D:1      | Reached XP level 1. HP: 10/10 MP: 2/2
    41 | D:1      | Reached skill level 2 in Stealth
   293 | D:1      | Reached XP level 2. HP: 14/14 MP: 3/3
   650 | D:1      | Reached skill level 3 in Stealth
   902 | D:2      | Found an ornate altar of the Wu Jian Council.
   904 | D:2      | Found an ancient bone altar of Kikubaaqudgha.
   960 | D:2      | Reached XP level 3. HP: 18/18 MP: 4/4
  1576 | D:2      | Reached skill level 1 in Short Blades
  1655 | D:2      | Reached XP level 4. HP: 13/22 MP: 3/5
  1975 | D:3      | You fall into a shaft and drop 3 floors!
  1975 | D:6      | Found a staircase to the Ecumenical Temple.
  1990 | Temple   | Entered the Ecumenical Temple
  2226 | D:6      | Reached skill level 5 in Throwing
  2226 | D:6      | Reached skill level 4 in Stealth
  2322 | D:7      | Reached XP level 5. HP: 23/25 MP: 4/6
  2378 | D:6      | Noticed a centaur
  2396 | D:6      | HP: 1/25 [centaur (8)]
  2400 | D:6      | Killed a centaur
  2733 | D:6      | Noticed an orc warrior
  2751 | D:5      | Entered Level 5 of the Dungeon
  2765 | D:5      | Reached XP level 6. HP: 17/30 MP: 3/7
  2781 | D:5      | Killed an orc warrior
  2781 | D:5      | Reached skill level 5 in Stealth
  2791 | D:5      | Reached skill level 5 in Dodging
  3096 | D:4      | Found a shimmering altar of Xom.
  3313 | D:3      | Found an opulent altar of Gozag.
  3314 | D:3      | You fall into a shaft and drop 2 floors!
  3452 | D:3      | Became a worshipper of Gozag Ym Sagoz the Greedy
  3458 | D:3      | Noticed Grinder
  3486 | D:3      | Paralysed by Grinder for 4 turns
  3501 | D:3      | Killed Grinder
  3501 | D:3      | Reached skill level 6 in Stealth
  3501 | D:3      | Reached XP level 7. HP: 19/33 MP: 5/8
  4255 | D:5      | Found a shimmering blue altar of Sif Muna.
  4333 | D:5      | Reached XP level 8. HP: 37/37 MP: 9/9
  4396 | D:5      | Reached skill level 7 in Stealth
  5254 | D:8      | Reached skill level 8 in Stealth
  5483 | D:6      | Reached skill level 5 in Short Blades
  5632 | D:7      | Found a runed translucent door.
  5637 | D:7      | Noticed jaiteiro's ghost (novice TrWr)
  5902 | D:8      | Found a white marble altar of Elyvilon.
  5928 | D:8      | Reached XP level 9. HP: 41/41 MP: 10/10
  6355 | D:8      | Reached skill level 9 in Stealth
  6541 | D:9      | Found a staircase to the Orcish Mines.
  6748 | D:9      | Paralysed by a hornet for 1 turns
  7081 | D:9      | Bought an ichor-stained dagger for 203 gold pieces
  7081 | D:9      | Identified the +5 dagger "Spriggan's Regret" {venom, rF++
                  | rN+ Str+2} (You bought it in a shop on level 9 of the
                  | Dungeon)
  7758 | D:10     | Entered Level 10 of the Dungeon
  7847 | Orc:1    | Entered Level 1 of the Orcish Mines
  7945 | D:9      | Reached skill level 10 in Stealth
  8549 | D:9      | Bought a slimy hunting sling for 188 gold pieces
  8549 | D:9      | Bought a runed dagger for 145 gold pieces
  8554 | D:9      | Identified the cursed +0 hunting sling of Untimely Demise
                  | {venom, +Inv +Fly} (You bought it in a shop on level 9 of
                  | the Dungeon)
  8610 | Orc:2    | Entered Level 2 of the Orcish Mines
  8633 | Orc:2    | Noticed Erolcha
  8639 | Orc:2    | Killed Erolcha
  8639 | Orc:2    | Reached skill level 10 in Throwing
  8639 | Orc:2    | Reached XP level 10. HP: 46/46 MP: 11/11
  8654 | Orc:2    | Found a staircase to the Elven Halls.
  8799 | Orc:2    | Reached skill level 10 in Dodging
  8900 | Orc:2    | Noticed an orc knight
  9217 | Orc:2    | Killed an orc knight
  9217 | Orc:2    | Reached skill level 11 in Stealth
  9693 | Orc:2    | Noticed an orc sorcerer
  9730 | Orc:2    | Noticed an orange demon
  9733 | Orc:2    | Killed an orc sorcerer
  9928 | Orc:2    | Noticed an orc warlord
 10002 | Orc:2    | Killed an orc warlord
 10002 | Orc:2    | Reached XP level 11. HP: 49/49 MP: 12/12
 10261 | Orc:2    | Reached skill level 12 in Stealth
 10775 | Orc:2    | Noticed an orc knight
 10776 | Orc:2    | Noticed an orc high priest
 10805 | Orc:2    | Noticed an orc knight
 10805 | Orc:2    | Noticed an orc high priest
 10810 | Orc:2    | Noticed an orc high priest
 10844 | Orc:2    | Killed an orc high priest
 10893 | Orc:2    | Killed an orc knight
 11015 | Orc:2    | Noticed an orc sorcerer
 11015 | Orc:2    | Noticed an orc sorcerer
 11015 | Orc:2    | Noticed an orc knight
 11015 | Orc:2    | Noticed an orc sorcerer
 11019 | Orc:2    | Noticed a soul eater
 11211 | Orc:2    | Killed an orc sorcerer
 11596 | Orc:2    | Killed an orc high priest
 11670 | Orc:2    | Noticed a soul eater
 11670 | Orc:2    | Noticed a sixfirhy
 11672 | Orc:2    | Noticed a sun demon
 11680 | Orc:2    | Killed an orc high priest
 11798 | Orc:2    | Found Oshrucanotz's Armour Shop.
 11798 | Orc:2    | Found Divveh's Magic Scroll Shoppe.
 11800 | Orc:2    | Found Qacs's Food Shop.
 11800 | Orc:2    | Found Zicuvof's Distillery.
 11823 | Orc:2    | Bought a +2 hat for 272 gold pieces
 11832 | Orc:2    | Bought a potion of flight for 45 gold pieces
 11832 | Orc:2    | Bought a potion of cancellation for 120 gold pieces
 11832 | Orc:2    | Bought a potion of resistance for 150 gold pieces
 11832 | Orc:2    | Bought 2 potions of curing for 90 gold pieces
 11832 | Orc:2    | Bought a potion of agility for 60 gold pieces
 11834 | Orc:2    | Bought a scroll of brand weapon for 280 gold pieces
 11834 | Orc:2    | Bought a scroll of identify for 28 gold pieces
 11842 | Orc:2    | Bought a potion of heal wounds for 75 gold pieces
 11842 | Orc:2    | Bought a potion of heal wounds for 75 gold pieces
 11893 | Orc:2    | Killed an orc sorcerer
 12361 | Orc:2    | Killed an orc knight
 12393 | Orc:2    | Killed an orc sorcerer
 12393 | Orc:2    | Reached skill level 10 in Short Blades
 12634 | Orc:1    | Noticed Erica
 12635 | Orc:1    | Noticed an orc sorcerer
 12688 | Orc:2    | Killed Erica
 12932 | Orc:1    | Killed an orc sorcerer
 13246 | Orc:2    | Killed an orc knight
 13275 | Orc:2    | Bought a scroll of amnesia for 49 gold pieces
 13275 | Orc:2    | Bought a scroll of remove curse for 42 gold pieces
 13275 | Orc:2    | Bought a scroll of magic mapping for 49 gold pieces
 13275 | Orc:2    | Bought a scroll of immolation for 49 gold pieces
 13275 | Orc:2    | Bought a scroll of teleportation for 42 gold pieces
 13275 | Orc:2    | Bought a scroll of amnesia for 49 gold pieces
 13277 | Orc:2    | Bought a potion of heal wounds for 75 gold pieces
 13277 | Orc:2    | Bought a potion of ambrosia for 120 gold pieces
 13423 | D:10     | Noticed a two-headed ogre
 13449 | D:10     | Killed a two-headed ogre
 13515 | D:10     | Reached skill level 13 in Stealth
 13633 | D:10     | Reached XP level 12. HP: 53/53 MP: 13/13
 13800 | D:10     | You fall into a shaft and drop 2 floors!
 14090 | D:12     | Noticed Nessos
 14140 | D:12     | Shot with an arrow by Nessos

Levels and vault maps discovered:
D:1:      lemuel_arrival_lava_pool, layout_basic, serial_park_tiny_2
D:2:      layout_basic, nicolae_overflow_hidden_temple,
          minmay_goblin_kobold_house
D:3:      layout_rooms, nicolae_overflow_crystal_walls,
          overflow_temple_1_default, ashenzari_altar_1, uniq_grinder
D:4:      layout_basic, xom_confusion_cloud
D:5:      layout_loops_ring, first_ration, led_sif_pool
D:6:      layout_loops_ring, temple_hall, okawaru_trees_2
D:7:      layout_gridville, ebering_ghost_reflecting_pool
D:8:      layout_loops_ring, elyvilon_altar_4
D:9:      layout_basic, hiddenorc2_lemuel, hangedman_little_slice_of_home
D:10:     layout_basic
D:12:     layout_roguey, basic_altar, serial_shops, nicolae_shop_crystal,
          uniq_nessos
Temple:   kb_temple_of_zot
Orc:1:    layout_diamond_mine, uniq_erica
Orc:2:    grunt_orc_tribal_feast, layout_diamond_mine, uniq_erolcha

Skill      XL: |  1  2  3  4  5  6  7  8  9 10 11 |
---------------+----------------------------------+-----
Stealth        | 2 3 4 6 8 10 11 13 | 13.3
Short Blades   | 1 2 3 4 5 7 8 10 | 10.7
Throwing       | 5 6 7 8 10 11 12 | 12.7
Dodging        | 4 5 6 7 9 11 12 | 12.4
Fighting       | |  1.5

Action                   |  1- 3 |  4- 6 |  7- 9 | 10-12 || total
-------------------------+-------+-------+-------+-------++-------
Melee: Short sword       |    87 |    94 |   218 |       ||   399
       Falchion          |       |       |     7 |    45 ||    52
       Dagger            |       |       |    90 |   278 ||   368
Throw: Boomerang         |    55 |    35 |   191 |   188 ||   469
       Dart              |       |    20 |     9 |   158 ||   187
       Throwing net      |       |     4 |       |       ||     4
Invok: Call Merchant     |       |       |     1 |       ||     1
Evoke: Wand              |       |       |    12 |     8 ||    20
  Use: Scroll            |     5 |     7 |     8 |     3 ||    23
       Potion            |       |       |       |     8 ||     8
 Stab: Sleeping          |     7 |     9 |    23 |     9 ||    48
       Held in net/web   |       |     2 |       |       ||     2
       Distracted        |       |     1 |     4 |     1 ||     6
       Confused          |       |     1 |       |       ||     1
  Eat: Ration            |       |       |     6 |     3 ||     9
Armor: Robe              |    12 |     2 |    18 |    16 ||    48
Dodge: Dodged            |    70 |    70 |   264 |   196 ||   600
       Rpst.: Falchion   |       |       |     4 |    11 ||    15
